 Dungeon Crawl Stone Soup version 0.17.1-3-g152610e (webtiles) character file.

382 Grim the Twirler (level 6, -4/48 HPs)
             Began as a Centaur Gladiator on Feb 29, 2016.
             Killed by divine providence
             ... invoked by an orc priest
              (8 damage)
             ... on level 4 of the Dungeon.
             The game lasted 00:10:37 (4219 turns).

Grim the Twirler (Centaur Gladiator)                Turns: 4219, Time: 00:10:37

Health: -4/48      AC:  5    Str: 18    XL:     6   Next: 47%
Magic:  6/6        EV:  9    Int:  7    God:
Gold:   157        SH:  0    Dex:  9    Spells: 0 memorised, 5 levels left

rFire  . . .     SeeInvis +     a - +0 quarterstaff
rCold  . . .     Clarity  .     y - +1 leather armour of Music {rElec rN+}
rNeg   + + .     SustAt   .     (shield currently unavailable)
rPois  .         Gourm    .     (helmet restricted)
rElec  +         Spirit   .     (no cloak)
rCorr  .         Warding  .     (no gloves)
rMut   .         Stasis   .     (no barding)
MR     .....                    (no amulet)
Stlth  ..........               j - ring of positive energy
                                f - ring of see invisible

@: very quick, not resistant to hostile enchantments, extremely unstealthy
A: antennae 1, fangs 1, hooves 3, clumsy 1, deformed body, speed 2, tough skin 3
a: no special abilities


You were on level 4 of the Dungeon.
You were not hungry.

You visited 1 branch of the dungeon, and saw 5 of its levels.

You collected 157 gold pieces.

Inventory:

Hand Weapons
 a - a +0 quarterstaff (weapon)
Missiles
 d - 2 throwing nets (quivered)
 n - 39 arrows
 p - 12 arrows of frost
Armour
 b - a +0 leather armour
 c - a +1 helmet
 y - the +1 leather armour of Music (worn) {rElec rN+}
   (You found it on level 4 of the Dungeon)

   It insulates you from electricity.
   It protects you from negative energy.
Jewellery
 f - a ring of see invisible (left hand)
 g - an uncursed ring of invisibility
 j - a ring of positive energy (right hand)
Wands
 v - a wand of random effects (27)
Scrolls
 h - a scroll of enchant weapon {unknown}
 i - 2 scrolls of enchant armour
 l - a scroll of amnesia {unknown}
 m - a scroll of identify
 q - a scroll of teleportation {unknown}
 s - a scroll of remove curse
 u - a scroll of random uselessness
 w - a scroll of blinking
 x - a scroll of recharging
Potions
 k - a potion of heal wounds {unknown}
 o - 2 potions of haste
 r - a potion of curing {unknown}
 t - a potion of agility {unknown}
 A - a potion of poison {unknown}
Comestibles
 e - 2 bread rations
 z - a meat ration


   Skills:
 - Level 2.0 Fighting
 + Level 6.7 Staves
 - Level 2.1 Throwing
 - Level 2.1 Dodging


You had 5 spell levels left.
You didn't know any spells.

Dungeon Overview and Level Annotations

Branches:
Dungeon (5/15)
 Temple: D:4-7

Altars:
Ashenzari
The Shining One

Annotations:
D:3 1 runed door
D:4 dricus's ghost, novice MiBe


Innate Abilities, Weirdness & Mutations

You have hooves in place of feet.
Armour fits poorly on your strangely shaped body.
You cover ground very quickly.
You have extremely tough skin (AC +3).
You have a pair of small antennae on your head.
You have very sharp teeth.
You are clumsy. (Dex -2)


Message History

The orc priest barely misses you.
The orc wizard hits you but does no damage.
You hit the orc priest but do no damage.
You kick the orc priest.
The orc priest is almost dead.
The orc priest hits you.
* * * LOW HITPOINT WARNING * * *
The orc wizard hits you but does no damage.
The adder closely misses you.
You hit the orc priest but do no damage.
You kick the orc priest, but do no damage.
The orc priest is almost dead.
The adder closely misses you. The orc priest hits you.
* * * LOW HITPOINT WARNING * * *
The orc wizard hits you with a dagger.
* * * LOW HITPOINT WARNING * * *
The adder barely misses you.
The orc priest calls down the wrath of Beogh upon you.
Something smites you!
You die...

. ...... .. ....
... .... .... ...
... .... ......
..# .... #...
....... #.# .....
##...
#.......##.#......
....
#.......##@#......
. #..
#..........#......
.o #..
#........So#......
...###..
#<........o.......
........
..........>.......
........
##/.............
........
#..............
.....###
#..)...........
.... ###
#......).#....# #
##..


You could see an orc priest, an orc wizard and an adder.

Vanquished Creatures
  An ogre (D:3)
  A crimson imp (D:4)
  An orc priest (D:4)
  2 orc wizards (D:4)
  2 worker ants (D:5)
  A hound skeleton (D:4)
  Robin (D:3)
  3 adders
  2 giant geckos
  4 orcs
  A ball python (D:3)
  9 bats
  6 giant cockroaches
  17 goblins
  8 hobgoblins
  3 jackals (D:3)
  3 kobolds
  7 giant newts
  2 quokkas (D:2)
  7 rats
81 creatures vanquished.

Notes
Turn   | Place    | Note
--------------------------------------------------------------
     0 | D:1      | Grim the Centaur Gladiator began the quest for the Orb.
     0 | D:1      | Reached XP level 1. HP: 17/17 MP: 1/1
   149 | D:1      | Reached skill level 3 in Staves
   396 | D:1      | Reached XP level 2. HP: 24/24 MP: 2/2
   956 | D:2      | Found a shattered altar of Ashenzari.
  1141 | D:2      | Reached XP level 3. HP: 29/29 MP: 3/3
  1392 | D:2      | Reached skill level 4 in Staves
  1869 | D:3      | Found a glowing golden altar of the Shining One.
  1870 | D:3      | Found a runed door.
  1870 | D:3      | Noticed an angel
  1967 | D:3      | Noticed Robin
  2440 | D:3      | Killed Robin
  2440 | D:3      | Reached XP level 4. HP: 32/36 MP: 4/4
  2653 | D:3      | Noticed an ogre
  2673 | D:3      | Killed an ogre
  2673 | D:3      | Reached skill level 5 in Staves
  2673 | D:3      | Reached XP level 5. HP: 26/41 MP: 5/5
  2805 | D:4      | Got a scorched leather armour
  2898 | D:3      | Identified the +1 leather armour of Music {rElec rN+} (You found it on level 4 of the Dungeon)
  2905 | D:3      | Gained mutation: You have a pair of small antennae on your head. [potion of mutation]
  2905 | D:3      | Gained mutation: You are clumsy. (Dex -2) [potion of mutation]
  2905 | D:3      | Gained mutation: You have very sharp teeth. [potion of mutation]
  3087 | D:4      | Reached skill level 6 in Staves
  3274 | D:4      | Noticed dricus's ghost (novice MiBe)
  3708 | D:3      | Reached XP level 6. HP: 48/48 MP: 6/6
  3897 | D:5      | Entered Level 5 of the Dungeon
  4219 | D:4      | Killed from afar by an orc priest

Action                   |  1- 3 |  4- 6 || total
-------------------------+-------+-------++-------
Melee: Quarterstaff      |   154 |   132 ||   286
Throw: Throwing net      |     1 |     4 ||     5
  Use: Scroll            |       |     8 ||     8
       Potion            |       |     1 ||     1
  Eat: Chunk             |     3 |     2 ||     5
       Bread ration      |       |     1 ||     1
